Map: Cyber Forest LE

Players

FeverNight - Winner!

  • Race: Terran Terran
  • League: Platinum
  • Spawn Location: 11:00

SandboX

  • Race: Zerg Zerg
  • League: Gold
  • Spawn Location: 5:00

VOD

Have the link to the VOD?

Description

Time

  • Played on: Aug. 11, 2019, 6:54 p.m.
  • Length: 19:01
Show
View Real Time Build Order
Export as new Build Order

FeverNight Terran - Winner!

Build Orders: Gas First Reaper Expand, Hellion Opening 

Get SALT Encoding   

  12  0:01  SCV  
  13  0:13  SCV  
  14  0:18  Supply Depot  
  14  0:25  SCV  
  15  0:30  Refinery  
  15  0:40  SCV  
  16  0:46  Barracks  
  16  0:53  SCV  
  17  1:05  SCV  
  18  1:17  SCV  
  19  1:32  Orbital Command  
  19  1:36  Reaper  
  20  1:46  Command Center  
  20  2:02  Factory  
  20  2:03  SCV  
  21  2:11  Refinery  
  21  2:19  SCV  
  21  2:20  Barracks Reactor  
  22  2:31  SCV, Supply Depot  
  23  2:53  SCV  
  24  3:04  Hellion  
  24  3:05  Hellion, Orbital Command  
  28  3:10  SCV  
  29  3:22  Supply Depot  
  29  3:26  Starport  
  29  3:30  Hellion  
  29  3:31  Hellion, SCV  
  29  3:32  SCV  
  35  3:41  Barracks Tech Lab  
  35  3:46  Factory, SCV x2  
  37  3:53  Hellion x2  
  41  3:58  SCV x2  
  43  4:02  Supply Depot  
  43  4:10  SCV  
  43  4:13  SCV  
  43  4:15  Refinery  
  45  4:22  SCV  
  46  4:25  SCV  
  46  4:26  Supply Depot  
  47  4:52  SCV x2  
  49  4:54  Hellion x2  
  53  5:04  SCV x2  
  51  5:15  Banshee  
  51  5:18  SCV x2, Command Center  
  56  5:23  Refinery  
  56  5:30  SCV, Factory Tech Lab  
  56  5:31  SCV  
  56  5:35  Barracks Tech Lab  
  58  5:37  Factory  
  58  5:40  Hellion x2  
  62  5:43  Factory  
  62  5:45  Supply Depot  
  62  5:58  Banshee  
  65  6:06  SCV x2  
  65  6:10  Armory  
  65  6:11  Supply Depot  
  67  6:13  Armory  
  67  6:18  SCV  
  67  6:24  Cyclone  
  71  6:28  Supply Depot  
  71  6:29  Supply Depot  
  71  6:31  Factory Tech Lab x2  
  71  6:32  Supply Depot  
  67  6:56  Cyclone  
  70  7:05  Hellion x2  
  70  7:06  Cyclone  
  70  7:07  Cyclone  
  67  7:25  SCV x2  
  67  7:28  Engineering Bay, Cyclone  
  72  7:30  SCV  
  72  7:34  Hellion x2  
  77  7:37  SCV x2, Mag-Field Accelerator  
  77  7:38  Cyclone  
  77  7:39  Cyclone  
  77  7:42  SCV  
  86  7:44  Infernal Pre-Igniter  
  86  7:49  SCV x2  
  88  7:55  Hellbat  
  88  7:56  Hellbat  
  93  8:01  SCV  
  93  8:02  SCV  
  93  8:03  Planetary Fortress  
  94  8:13  Supply Depot  
  94  8:18  Siege Tank x3  
  103  8:20  Hellion  
  103  8:21  Hellion  
  103  8:24  Command Center  
  107  8:32  Terran Vehicle And Ship Armor Level 1, Terran Vehicle Weapons Level 1  
  107  8:52  Cyclone x3  
  107  8:53  Hellbat x2  
  107  8:55  Starport Reactor  
  120  8:57  SCV x3  
  120  8:59  Refinery  
  120  9:00  Refinery  
  120  9:02  Supply Depot  
  123  9:05  Supply Depot  
  123  9:09  SCV x2, Supply Depot  
  125  9:25  Hellbat x2  
  125  9:26  Cyclone x3  
  138  9:38  Planetary Fortress  
  138  9:42  SCV x3  
  138  9:43  Refinery  
  141  9:48  Refinery  
  141  9:51  Supply Depot  
  141  9:53  Hellbat x2, Supply Depot  
  141  9:59  Factory  
  145  10:04  Factory  
  129  10:54  Cyclone x2  
  129  10:55  Cyclone  
  129  10:56  Hellion x2  
  128  11:17  Hellbat  
  128  11:18  Hellbat  
  125  11:23  Factory Reactor  
  123  11:26  Cyclone  
  123  11:28  SCV x4  
  109  11:40  SCV x2  
  100  11:53  Siege Tank x3  
  104  11:54  Hellbat x2  
  104  11:59  Hellbat  
  110  12:06  Hellion x2  
  107  12:16  Hellbat  
  93  12:39  Cyclone x2  
  93  12:40  Cyclone x2  
  93  12:41  Hellbat x4  
  110  12:55  Terran Vehicle And Ship Armor Level 2, Terran Vehicle Weapons Level 2  
  110  12:59  Marauder  
  110  13:02  Hellbat  
  114  13:06  Hellbat x2  
  114  13:07  Hellbat  
  114  13:11  Cyclone  
  111  13:20  Marauder  
  115  13:27  Hellbat  
  115  13:30  Cyclone x3  
  124  13:43  Cyclone  
  124  13:48  SCV x4  
  131  14:00  SCV x2  
  113  14:14  Thor x3  
  113  14:15  Thor  
  113  14:16  Hellbat x4  
  140  14:53  Hellbat x4  
  140  14:57  Hellbat  
  146  15:20  Starport  
  146  15:21  Starport x3  
  146  15:30  Hellbat x4  
  146  15:31  Thor x3, Command Center  
  146  15:32  Thor  
  178  15:39  Terran Vehicle Weapons Level 3  
  178  15:40  Terran Vehicle And Ship Armor Level 3  
  178  15:42  Command Center  
  178  15:47  Command Center  
  178  15:49  Fusion Core  
  178  15:59  Hellbat x2  
  178  16:00  Hellbat x2  
  186  16:05  Smart Servos  
  186  16:18  Refinery  
  186  16:19  Refinery  
  186  16:38  Hellbat  
  188  16:43  Thor, Hellbat x3  
  200  16:50  Thor  
  200  16:51  Thor  
  200  16:53  Thor  
  138  17:20  Hellbat  
  138  17:21  Hellbat x3  
  134  17:26  Hellbat  
  134  17:33  Thor  
  134  17:35  Hellbat  
  140  17:41  Planetary Fortress  
  140  17:55  Hellbat x4  
  140  17:56  Cyclone x2  
  140  17:57  Refinery, Cyclone  
  157  18:09  Refinery  
  157  18:16  Cyclone, Planetary Fortress  
  160  18:23  Starport Tech Lab x2  
  160  18:27  Starport Tech Lab  
  160  18:28  Cyclone  
  160  18:32  Starport Tech Lab  
Show
View Real Time Build Order
Export as new Build Order

SandboX Zerg 

Build Orders: Hatch First 

Get SALT Encoding   

  12  0:01  Drone  
  13  0:13  Overlord  
  13  0:19  Drone  
  14  0:34  Drone x2  
  16  0:35  Drone  
  17  1:00  Hatchery  
  17  1:04  Drone x2  
  18  1:08  Extractor  
  17  1:21  Spawning Pool  
  17  1:22  Drone  
  17  1:25  Drone  
  18  1:32  Drone  
  19  1:44  Overlord  
  19  1:53  Drone  
  20  2:08  Zergling x2  
  20  2:11  Zergling x2  
  20  2:13  Queen x2  
  25  2:16  Metabolic Boost  
  25  2:25  Drone  
  25  2:26  Drone x2  
  28  2:34  Drone x2  
  30  2:58  Hatchery  
  29  3:03  Drone x4  
  33  3:08  Overlord  
  33  3:22  Drone  
  33  3:23  Drone x2  
  33  3:24  Overlord  
  33  3:26  Drone x2  
  38  3:28  Drone  
  39  3:37  Queen  
  39  3:39  Drone x2  
  43  3:43  Overlord  
  43  3:45  Drone  
  44  3:56  Roach Warren  
  43  4:09  Extractor  
  42  4:11  Extractor  
  41  4:23  Drone x7  
  41  4:24  Drone x5  
  50  4:39  Zergling x18  
  54  4:48  Spine Crawler x3  
  49  4:59  Zergling x8  
  50  5:00  Roach  
  51  5:11  Drone x4  
  55  5:32  Drone  
  55  5:33  Drone x5  
  61  5:38  Spine Crawler x2  
  61  5:39  Queen  
  61  5:56  Drone x5  
  66  5:59  Overlord  
  66  6:32  Drone x8  
  74  6:34  Overlord x3  
  74  6:35  Overlord x2  
  71  6:53  Roach x10  
  75  7:11  Drone x9  
  81  7:22  Drone x5  
  85  7:35  Drone x4  
  85  7:36  Drone x3  
  92  7:38  Extractor  
  92  7:41  Extractor  
  92  7:43  Lair  
  90  7:51  Extractor  
  90  7:53  Evolution Chamber  
  90  7:54  Evolution Chamber  
  90  7:55  Drone x3  
  90  7:56  Drone x4  
  94  8:30  Roach x10  
  114  8:51  Overlord x4  
  114  8:56  Zerg Ground Armor Level 1, Zerg Missile Weapons Level 1  
  114  9:02  Glial Reconstitution  
  114  9:08  Hydralisk Den  
  113  9:17  Roach  
  113  9:18  Roach x11  
  113  9:21  Overlord  
  113  9:22  Overlord x2  
  137  9:41  Roach x8  
  137  9:45  Overlord x6  
  153  9:54  Overlord  
  153  9:55  Overlord x2  
  153  9:58  Muscular Augments  
  153  10:11  Hydralisk x8  
  153  10:12  Hydralisk  
  171  10:16  Hatchery  
  114  10:56  Roach x15  
  114  10:57  Roach x2  
  112  11:08  Zergling x12  
  91  11:26  Hydralisk x5  
  101  11:34  Roach x2  
  101  11:37  Roach x2  
  92  11:48  Hydralisk x4  
  94  11:59  Hydralisk x3  
  92  12:03  Hydralisk  
  92  12:07  Queen  
  84  12:34  Queen  
  86  12:40  Roach x10  
  86  12:41  Roach x4  
  114  12:53  Roach x3  
  100  13:18  Roach x4  
  86  13:26  Roach  
  86  13:40  Drone x8  
  94  13:50  Hydralisk x2  
  89  14:05  Hydralisk x4  
  87  14:31  Roach  
  87  14:32  Roach x7  
  93  14:57  Roach x3  
  93  14:58  Roach x7  
  113  15:03  Zergling x4  
  115  15:21  Hydralisk x4  
  123  15:32  Hatchery  
  122  15:54  Hydralisk x6  
  134  16:17  Roach  
  136  16:24  Hydralisk x7  
  152  16:25  Roach  
  152  16:33  Zerg Ground Armor Level 2  
  152  16:39  Zerg Missile Weapons Level 2  
  152  16:53  Roach x4  
  106  17:02  Roach x3  
  106  17:03  Roach  
  95  17:15  Roach x4  
  59  17:44  Hydralisk x2  
  59  17:45  Hydralisk x5  
  73  18:03  Hatchery  
  73  18:04  Hydralisk  
  74  18:31  Hydralisk x5  
Tags
 
Add a new tag
Caveats
  • Supply blocks, unpowered buildings, or Contaminate may cause inaccurate times.
  • Supply counts are checked every 10 seconds.